 Dungeon Crawl Stone Soup version 0.25.0-9-g26727b657a (webtiles) character file.

Game seed: 14312114132846272719

154 protoss039 the Magician (level 5, -3/28 HPs)
             Began as a Deep Elf Earth Elementalist on June 21, 2020.
             Killed from afar by an orc wizard (7 damage)
             ... with a magic dart
             ... on level 4 of the Dungeon.
             The game lasted 00:06:05 (2953 turns).

protoss039 the Magician (DEEE)                      Turns: 2953, Time: 00:06:08

Health: -3/28      AC:  2    Str:  5    XL:     5   Next: 13%
Magic:  10/14      EV: 13    Int: 21    God:
Gold:   188        SH:  0    Dex: 15    Spells: 11/14 levels left

rFire    . . .     SeeInvis .   n - +0 dagger
rCold    . . .     Gourm    .   (no shield)
rNeg     . . .     Faith    .   c - +0 robe
rPois    .         Spirit   .   (no helmet)
rElec    .         Reflect  .   (no cloak)
rCorr    .         Harm     .   (no gloves)
MR       .....                  (no boots)
Stlth    ++........             (no amulet)
HPRegen  0.09/turn              (no ring)
MPRegen  0.14/turn              (no ring)

@: about to teleport, flying
A: no striking features
a: no special abilities


You were on level 4 of the Dungeon.
You were not hungry.

You visited 1 branch of the dungeon, and saw 4 of its levels.

You collected 188 gold pieces.

Inventory:

Hand Weapons
 n - a +0 dagger (weapon)
 p - a cursed +0 dagger
Missiles
 b - 46 stones (quivered)
Armour
 c - a +0 robe (worn)
Jewellery
 o - an uncursed amulet of magic regeneration {unknown}
 u - a cursed ring of attention {unknown}
 w - an uncursed ring of magical power {unknown}
 x - an uncursed amulet of regeneration {unknown}
Wands
 y - a wand of disintegration (13)
Scrolls
 a - a scroll of magic mapping {unknown}
 e - 4 scrolls of identify {unknown}
 g - 3 scrolls of enchant armour {unknown}
 h - 3 scrolls of remove curse {unknown}
 l - a scroll of immolation {unknown}
 r - 3 scrolls of enchant weapon {unknown}
 s - a scroll of noise {unknown}
Potions
 f - 2 potions of flight
 k - 3 potions of curing {unknown}
 m - 2 potions of heal wounds {unknown}
 q - a potion of magic {unknown}
 t - a potion of mutation {unknown}
 v - a potion of haste {unknown}
 z - a potion of resistance {unknown}
Comestibles
 d - 5 rations
 i - 2 chunks of flesh


   Skills:
 - Level 2.8 Dodging
 + Level 2.8 Stealth
 * Level 5.3 Spellcasting
 + Level 1.1 Transmutations
 * Level 4.9 Earth Magic


You had 11 spell levels left.
You knew the following spells:

 Your Spells              Type           Power        Failure   Level  Hunger
a - Sandblast             Erth           ####..       1%          1    None
b - Passwall              Tmut/Erth      ###.....     4%          2    None

Your spell library contained the following spells:

 Spells                   Type           Power        Failure   Level  Hunger
 Stone Arrow              Conj/Erth      ###...       12%         3    ##.....
 Petrify                  Tmut/Erth      ###.....     30%         4    ####...
 Lee's Rapid Deconstruct  Erth           ####......   36%         5    #####..


Dungeon Overview and Level Annotations

Branches:
Dungeon (4/15)
 Temple: D:4-7

Altars:
Xom


Message History

Deactivating autopickup; reactivate with Ctrl-A.
The orc priest hits you with a cursed +0 flail!
* * * LOW HITPOINT WARNING * * *
Unknown command.
Okay, then.
Okay, then.
Unknown command.
As you read the scroll labeled JOHEFR WUIL, it crumbles to dust.
You feel strangely unstable.
It was a scroll of teleportation.
You hear some strange, mumbled words.
The orc priest closely misses you.
Unknown command.
Okay, then.
It was a potion of flight.
You feel very buoyant.
You fly up into the air.
You hear some strange, mumbled words.
A magic dart appears from out of thin air!
The magic dart hits you!
You die...

o##..#######...
............#
#..........#
#..........#
#..........#
#$.........#
#..........#
#†{o[......#
##@#########
###


You could see an orc priest.

Vanquished Creatures
  A howler monkey (D:4)
  An orc wizard (D:4)
  2 adders (D:3)
  2 worms
  2 dart slugs
  A leopard gecko (D:3)
  8 orcs
  2 giant cockroaches
  5 goblins
  8 hobgoblins
  2 jackals (D:1)
  4 bats
  5 frilled lizards
  A jackal skeleton (D:4)
  7 kobolds
  A quokka skeleton (D:3)
  4 rats
56 creatures vanquished.

Notes
Turn   | Place    | Note
-------+----------+-------------------------------------------
     0 | D:1      | protoss039 the Deep Elf Earth Elementalist began the quest
                  | for the Orb.
     0 | D:1      | Reached XP level 1. HP: 10/10 MP: 6/6
   307 | D:1      | Reached XP level 2. HP: 10/15 MP: 0/8
  1163 | D:2      | Reached XP level 3. HP: 19/19 MP: 8/10
  1407 | D:2      | Found a shimmering altar of Xom.
  1549 | D:3      | Learned a level 2 spell: Passwall
  1662 | D:3      | Reached skill level 4 in Spellcasting
  2301 | D:3      | Reached XP level 4. HP: 24/24 MP: 7/12
  2673 | D:4      | Reached skill level 5 in Spellcasting
  2745 | D:4      | Reached XP level 5. HP: 28/28 MP: 8/14
  2758 | D:4      | Noticed an ogre
  2953 | D:4      | Killed from afar by an orc wizard

Illustrated notes

Levels and vault maps discovered:
D:1:      shiori_shiawase, layout_rooms, skrybe_limestone_x,
          minmay_misc_feat_square
D:2:      layout_basic, nicolae_overflow_crystal_walls,
          wander_ebering_terrifying_dragon_lair
D:3:      layout_basic, first_ration, hangedman_abyss_or_decor_stabs,
          corexii_leaking_fountain
D:4:      layout_basic, grunt_temple_overflow_octagram

Skill      XL: |  1  2  3  4 |
---------------+-------------+-----
Earth Magic    | 4 |  4.9
Spellcasting   | 4 5 |  5.3
Dodging        | |  2.8
Stealth        | |  2.8
Transmutations | |  1.1

Action                   |  1- 3 |  4- 6 || total
-------------------------+-------+-------++-------
Melee: Unarmed           |     6 |       ||     6
       Dagger            |    19 |     4 ||    23
 Cast: Sandblast         |    66 |    21 ||    87
  Use: Scroll            |       |     1 ||     1
       Potion            |       |     1 ||     1
 Stab: Sleeping          |     5 |       ||     5
  Eat: Chunk             |     4 |     2 ||     6
Armor: Robe              |     5 |     1 ||     6
Dodge: Dodged            |    25 |    11 ||    36
